 Dungeon Crawl Stone Soup version 0.28-a0-863-g8cecda6153 (webtiles) character file.

Game seed: 9186764653970080878

219 Peloso the Covered (level 5, -4/47 HPs)
             Began as a Minotaur Fighter on Nov 18, 2021.
             Killed from afar by an orc wizard (5 damage)
             ... with a puff of flame
             ... on level 3 of the Dungeon.
             The game lasted 00:04:39 (2859 turns).

Peloso the Covered (Minotaur Fighter)               Turns: 2859, Time: 00:04:41

Health: -4/47      AC:  7    Str: 22    XL:     5   Next: 63%
Magic:  4/4        EV: 10    Int:  5    God:
Gold:   126        SH:  4    Dex:  9    Spells: 4/4 levels left

rFire   . . .      SeeInvis .   a - +1 short sword (elec)
rCold   . . .      Faith    .   c - +0 buckler
rNeg    . . .      Spirit   .   b - +0 scale mail
rPois   .          Reflect  .   (helmet restricted)
rElec   .          Harm     .   (no cloak)
rCorr   .          Rampage  .   (no gloves)
Will    .....                   (no boots)
Stlth   ..........              (no amulet)
HPRegen 0.15/turn               (no ring)
MPRegen 0.09/turn               (no ring)

@: lethally poisoned (-4 -> -20), hasted, very quick
A: horns 2, retaliatory headbutt
a: no special abilities


You were on level 3 of the Dungeon.
You visited 1 branch of the dungeon, and saw 4 of its levels.

You collected 126 gold pieces.

Inventory:

Hand Weapons
 a - a +1 short sword of electrocution (weapon)
Armour
 b - a +0 scale mail (worn)
 c - a +0 buckler (worn)
Wands
 k - a wand of charming (6)
 m - a wand of polymorph (11)
Scrolls
 h - 2 scrolls of fog {unknown}
 i - a scroll of fear {unknown}
 j - 2 scrolls of identify {unknown}
 l - a scroll of enchant weapon {unknown}
Potions
 d - 2 potions of might
 e - a potion of haste
 f - a potion of magic
 g - a potion of cancellation {unknown}
Miscellaneous
 n - a piece from Xom's chessboard (15/15)


   Skills:
 + Level 4.4 Fighting
 + Level 1.5(2.7) Short Blades
 + Level 3.7(4.0) Long Blades
 + Level 5.3 Armour
 + Level 1.4 Dodging
 + Level 0.4 Stealth
 + Level 4.2 Shields


You had 4 spell levels left.
You didn't know any spells.
Your spell library contained the following spells:

 Spells                   Type           Power      Damage    Failure   Level
 Cause Fear               Hex            0%         N/A       100%        4
 Dragon Form              Tmut           0%         N/A       100%        7
 Dragon's Call            Summ           0%         N/A       100%        9


Dungeon Overview and Level Annotations

Branches:
Dungeon (4/15)
 Temple: D:4-7

Altars:
Trog
Xom
Yredelemnul


Innate Abilities, Weirdness & Mutations

You have a pair of horns on your head.
You reflexively headbutt those who attack you in melee.


Message History

You hear some strange, mumbled words.
A puff of flame appears from out of thin air!
The puff of flame hits something.
Unknown command.
The orc priest hits you from afar with a +0 trident.
You climb upwards.
Reactivating autopickup.
There is a stone staircase leading down here.
You start resting.
You hear some strange, mumbled words.
Deactivating autopickup; reactivate with Ctrl-A.
You are confused.
You closely miss something. Something hits you.
You are poisoned.
You feel sick. Something hits you but does no damage.
You feel sick. Something hits you.
You are more poisoned.
You feel very sick.
You hear some strange, mumbled words.
Something tries to affect you, but you resist.
You completely miss something.
You feel very sick. Something hits you.
* * * LOW HITPOINT WARNING * * *
You are lethally poisoned!
* * * LOW HITPOINT WARNING * * *
You feel very sick.
It was a potion of haste.
You feel yourself speed up.
* * * LOW HITPOINT WARNING * * *
You feel very sick. Something hits you but does no damage.
You are more poisoned.
It was a potion of magic.
Magic courses through your body.
You feel less confused.
* * * LOW HITPOINT WARNING * * *
You feel very sick.
You hear some strange, mumbled words.
A puff of flame appears from out of thin air!
The puff of flame hits you.
You die...

#.# ##...# #.###..... #
##.#####..#.# ##.# ####.# #
#........##.# #..# #...
###.......###.# #####.## ##.#
..#.......###.# ###.....# ###
#..........##.###...#############
####.#..#..##.##..######.........
.................................
####.....###..#.@{>........(.....
##...#.#....#########.......###
##..#.#.#.#.........#..#####....
#...#.#.....PPPPPPP...## #####
#.#.#....#...........##
##..†#...##..P.PPP.P.##
....##.#.##..P..b..P.##
....##.#)##..P.._..P..#
....####.##..P.....P..## #####


There were no monsters in sight!

Vanquished Creatures
  A sky beast (D:3)
  Terence (D:2)
  2 adders
  2 worms
  A dart slug (D:1)
  3 orcs
  3 ball pythons (D:1)
  5 bats
  7 endoplasms
  6 giant cockroaches
  6 goblins
  5 hobgoblins
  3 jackals (D:2)
  8 kobolds
  6 quokkas
  6 frilled lizards
  3 rats
  2 toadstools (D:1)
70 creatures vanquished.

Vanquished Creatures (others)
  2 toadstools (D:1)
2 creatures vanquished.

Grand Total: 72 creatures vanquished

Notes
Turn   | Place    | Note
-------+----------+-------------------------------------------
     0 | D:1      | Peloso the Minotaur Fighter began the quest for the Orb.
     0 | D:1      | Reached XP level 1. HP: 19/19 MP: 0/0
   340 | D:1      | Reached XP level 2. HP: 22/27 MP: 1/1
   342 | D:1      | Reached skill level 4 in Armour
  1082 | D:2      | Reached XP level 3. HP: 27/33 MP: 2/2
  1222 | D:2      | Noticed Terence
  1234 | D:2      | Killed Terence
  1260 | D:2      | Reached XP level 4. HP: 20/40 MP: 3/3
  1320 | D:2      | Found a faded altar of an unknown god.
  1962 | D:3      | Reached skill level 5 in Armour
  2098 | D:3      | Found a bloodstained altar of Trog.
  2272 | D:3      | Found a basalt altar of Yredelemnul.
  2314 | D:3      | Found a shimmering altar of Xom.
  2494 | D:4      | Noticed a sky beast
  2511 | D:3      | Killed a sky beast
  2512 | D:3      | Reached skill level 1 in Short Blades
  2512 | D:3      | Reached skill level 1 in Dodging
  2512 | D:3      | Reached XP level 5. HP: 11/47 MP: 4/4
  2859 | D:3      | HP: 1/47 [poisoned by an orc wizard]
  2859 | D:3      | Killed from afar by an orc wizard

Illustrated notes

Levels and vault maps discovered:
D:1:      ldierk_water_garden, layout_loops_corners
D:2:      layout_rooms, basic_ecumenical_altar, uniq_terence
D:3:      layout_rooms, mainiacjoe_overflow_cross_hatched,
          mainiacjoe_overflow_catwalk, xom_butterflies, st_stairs_13
D:4:      layout_cave_pools, nicolae_tso_besieged_by_evil, serial_shops,
          shop_fountains, shop

Skill      XL: |  1  2  3  4 |
---------------+-------------+-----
Armour         | 4 5 |  5.3
Fighting       | 4 |  4.4
Shields        | 4 |  4.2
Long Blades    | 3 |  3.7
Short Blades   | 1 |  1.5
Dodging        | 1 |  1.4
Stealth        | |  0.4

Action                   |  1- 3 |  4- 6 || total
-------------------------+-------+-------++-------
Melee: Long sword        |    67 |    10 ||    77
       Headbutt          |    10 |    12 ||    22
       Short sword       |       |    56 ||    56
  Use: Scroll            |     1 |       ||     1
       Potion            |       |     2 ||     2
Armor: Scale mail        |    17 |    21 ||    38
Dodge: Dodged            |    27 |    34 ||    61
Block: Buckler           |    18 |    13 ||    31

Table legend: (Time is in decaauts)
 A = Elapsed time spent in this place.
 B = Non-inter-level travel time spent in this place.
 C = Inter-level travel time spent in this place.
 D = Time resting spent in this place.
 E = Time spent auto-exploring this place.
 F = Levels seen in this place.
 G = Mean time per level.
                   A        B        C        D        E       F      G
               +--------+--------+--------+--------+--------+-----+--------+
         Total |   2880 |   2807 |     73 |    313 |   2002 |   4 |  720.0 |
       Dungeon |   2880 |   2807 |     73 |    313 |   2002 |   4 |  720.0 |
               +--------+--------+--------+--------+--------+-----+--------+

Top non-repeatable levels by time:
     D:1: 1075 daAuts
     D:2: 895 daAuts
     D:3: 882 daAuts
     D:4: 27 daAuts
